 Dungeon Crawl Stone Soup version 0.26.1-10-gdfb7c7de75 (webtiles) character file.

Game seed: 11356599426735958924

280 Chiseanne the Magician (level 6, 32/41 HPs)
             Began as a Demonspawn Hedge Wizard on Apr 9, 2021.
             Was an Initiate of Vehumet.
             Quit the game on level 4 of the Dungeon.
             The game lasted 00:08:13 (5327 turns).

Chiseanne the Magician (Demonspawn Hedge Wizard)    Turns: 5327, Time: 00:08:14

Health: 32/41      AC:  3    Str: 10    XL:     6   Next: 5%
Magic:  1/12       EV: 12    Int: 22    God:    Vehumet [......]
Gold:   217        SH:  0    Dex: 12    Spells: 7/13 levels left

rFire    . . .     SeeInvis .   a - +1 rapier
rCold    + . .     Faith    .   (no shield)
rNeg     . . .     Spirit   .   b - +1 robe
rPois    .         Reflect  .   (helmet restricted)
rElec    .         Harm     .   (no cloak)
rCorr    +         Rampage  .   (no gloves)
Will     .....                  (no boots)
Stlth    ++........             (no amulet)
HPRegen  0.13/turn              k - ring of resist corrosion
MPRegen  0.13/turn              (no ring)

@: no status effects
A: horns 1, cold resistance 1, big brain 2
a: Renounce Religion


You were on level 4 of the Dungeon.
You worshipped Vehumet.
Vehumet was noncommittal.
You visited 2 branches of the dungeon, and saw 6 of its levels.

You collected 217 gold pieces.

Inventory:

Hand Weapons
 a - a +1 rapier (weapon)
 s - a +3 dagger
Missiles
 d - 39 arrows
 f - 20 sling bullets
 n - 18 bolts
 w - 15 poisoned darts (quivered)
Armour
 b - a +1 robe (worn)
 h - a +1 leather armour of cold resistance
 l - a +2 ring mail of fire resistance
 t - a +1 helmet
Jewellery
 k - a ring of resist corrosion (left hand)
Scrolls
 i - 2 scrolls of amnesia
 m - a scroll of teleportation
 p - 4 scrolls of remove curse
 v - a scroll of immolation
 x - a scroll of enchant armour
Potions
 e - a potion of heal wounds
 g - a potion of curing
 j - a potion of flight {unknown}
 o - a potion of invisibility {unknown}
 q - a potion of ambrosia {unknown}
 r - 2 potions of might {unknown}
 u - 2 potions of mutation {unknown}
 z - a potion of attraction {unknown}


   Skills:
 - Level 1.7 Dodging
 - Level 1.7 Stealth
 * Level 4.3 Spellcasting
 * Level 3.3 Conjurations
 - Level 1.0 Summonings
 - Level 0.8 Translocations
 * Level 2.0 Air Magic
 * Level 2.4 Poison Magic


You had 7 spell levels left.
You knew the following spells:

 Your Spells              Type           Power        Failure   Level
a - Magic Dart            Conj           76%          2%          1
b - Blink                 Tloc           N/A          12%         2
d - Mephitic Cloud        Conj/Pois/Air  16%          11%         3

Your spell library contained the following spells:

 Spells                   Type           Power        Failure   Level
 Call Imp                 Summ           9%           11%         2
 Conjure Flame            Conj/Fire      12%          16%         3
 Slow                     Hex            4%           17%         2


Dungeon Overview and Level Annotations

Branches:
Dungeon (5/15)             Temple (1/1) D:4

Altars:
Cheibriados
Dithmenos
Elyvilon
Fedhas
Gozag
Hepliaklqana
Kikubaaqudgha
Nemelex Xobeh
Qazlal
Ru
Sif Muna
Trog
Uskayaw
Vehumet
Wu Jian
Xom
Zin
The Shining One

Annotations:
D:4 exclusion: ogre


Innate Abilities, Weirdness & Mutations

You have a pair of small horns on your head.
Your flesh is cold resistant. (rC+)
You have an extremely huge brain. (Int +4)


Message History

The orc priest is severely wounded.
The orc priest begins to cast a cantrip, but forgets the words!
You feel much better.
The orc priest hits you with a +0 hand axe.
You hit the orc priest but do no damage.
The orc priest is severely wounded.
The orc priest closely misses you.
You hit the orc priest.
The orc priest is almost dead.
The orc priest hits you but does no damage.
You hit the orc priest.
You kill the orc priest!
Vehumet accepts your kill.
You have reached level 6!
Your experience leads to an increase in your attributes!
Increase (s)trength, (i)ntelligence, or (d)exterity?
You feel clever.
Your demonic ancestry asserts itself...
A pair of horns grows on your head!
Your +1 helmet falls away!
Are you sure you want to abandon this character and quit the game? (Confirm with "yes".)

......###............#.....).##
..........###.....###........##
.......######.##### #...#.....###
......## #...# #.#.##.....<.
......# #.### #.#.....#.###
......#######################.###
.........).............. #.....
.#..##.#...#...#...#...# #.....
.#.#............@)...... #.....
...#.###...#...#...#...# #.#.#.
.#.#.##................. #.....
.#)#.################## ####.#.#.
##.#.##. ##...##.# #.##.....
#.#.#.. ##..##...# #..#.#.#.
#.#.#.# #..##<########.#.....
##.#.#.# ###.###.####.........#.
.#.#.#.# ##...# #.#............#.


There were no monsters in sight!

Vanquished Creatures
  3 orc priests (D:4)
  An orc wizard (D:4)
  An iguana (D:4)
  5 adders
  2 oozes
  A dart slug (D:1)
  A worm (D:3)
  4 leopard geckos (D:3)
  5 orcs
  9 giant cockroaches
  6 goblins
  3 hobgoblins
  2 jackals (D:3)
  4 quokkas
  10 bats
  3 frilled lizards
  5 kobolds
  7 rats
72 creatures vanquished.

Notes
Turn   | Place    | Note
-------+----------+-------------------------------------------
     0 | D:1      | Chiseanne the Demonspawn Hedge Wizard began the quest for
                  | the Orb.
     0 | D:1      | Reached XP level 1. HP: 13/13 MP: 4/4
   316 | D:1      | Gained mutation: You have an unusually large brain. (Int
                  | +2) [demonic ancestry]
   316 | D:1      | Reached XP level 2. HP: 19/19 MP: 3/6
  1379 | D:2      | Reached XP level 3. HP: 23/24 MP: 5/8
  1409 | D:2      | Learned a level 2 spell: Blink
  1413 | D:2      | Learned a level 3 spell: Mephitic Cloud
  2682 | D:3      | Found a faded altar of an unknown god.
  2959 | D:3      | Gained mutation: You have an extremely huge brain. (Int +4)
                  | [demonic ancestry]
  2959 | D:3      | Reached XP level 4. HP: 30/30 MP: 5/9
  3052 | D:3      | Reached skill level 1 in Poison Magic
  3302 | D:3      | Reached skill level 1 in Air Magic
  3965 | D:4      | Noticed an ogre
  4167 | D:4      | Gained mutation: Your flesh is cold resistant. (rC+)
                  | [demonic ancestry]
  4167 | D:4      | Reached XP level 5. HP: 35/35 MP: 6/10
  4221 | D:4      | Reached skill level 4 in Spellcasting
  4314 | D:4      | Found a staircase to the Ecumenical Temple.
  4341 | D:4      | Found a blossoming altar of Fedhas.
  4490 | D:5      | Entered Level 5 of the Dungeon
  4839 | Temple   | Entered the Ecumenical Temple
  4877 | Temple   | Became a worshipper of Vehumet
  5327 | D:4      | Gained mutation: You have a pair of small horns on your
                  | head. [demonic ancestry]
  5327 | D:4      | Reached XP level 6. HP: 32/41 MP: 1/12
  5327 | D:4      | Quit the game

Illustrated notes

Levels and vault maps discovered:
D:1:      amcnicky_arrival_choice, layout_loops_cross, st_stairs_1
D:2:      layout_rooms, st_stairs_11
D:3:      layout_basic, chequers_ecumenical_altar_lobes, gup_sewer_entry_pipe
D:4:      layout_rooms, lemuel_coloured_pillars_altar,
          minmay_temple_entry_junction_2, serial_co_window_serial,
          co_window_of_opportunity_a, co_window_paths_b, co_window_paths_a,
          co_window_corner_a, co_window_paths_b, co_window_2corner,
          co_window_broadway_c, co_window_paths_c, co_window_unsneaky_path_e,
          co_window_paths_e, glass_columns_a, glass_columns_b, glass_columns_a,
          glass_columns_b, eino_tiny_chamber, fedhas_ov_isle_minmay
D:5:      layout_cave_pods, serial_shops, kennysheep_mini, nicolae_shop_trees,
          kennysheep_mini_moat, shop, basic_altar
Temple:   nicolae_temple_the_god_donut

Skill      XL: |  1  2  3  4  5 |
---------------+----------------+-----
Conjurations   | 2 3 |  3.3
Poison Magic   | 1 2 |  2.4
Air Magic      | 1 2 |  2.0
Spellcasting   | 4 |  4.3
Dodging        | |  1.7
Stealth        | |  1.7
Summonings     | |  1.0
Translocations | |  0.8

Action                   |  1- 3 |  4- 6 || total
-------------------------+-------+-------++-------
Melee: Dagger            |     3 |       ||     3
       Rapier            |     5 |    12 ||    17
       Short sword       |     3 |       ||     3
Throw: Dart              |       |     6 ||     6
 Cast: Magic Dart        |   116 |   101 ||   217
       Mephitic Cloud    |       |     1 ||     1
       Blink             |       |     1 ||     1
  Use: Scroll            |     9 |     3 ||    12
       Potion            |       |     1 ||     1
 Stab: Sleeping          |     1 |       ||     1
Armor: Robe              |     7 |     3 ||    10
Dodge: Dodged            |    24 |    18 ||    42
